 Dungeon Crawl Stone Soup version 0.26.1-11-gd32895ea62 (webtiles) character file.

Game seed: 6731280340724795653

39683 Zeld the Cruncher (level 14, -2/101 HPs)
             Began as an Octopode Gladiator on May 18, 2021.
             Was an Elder of Wu Jian.
             Engulfed by a cloud of freezing vapour (10 damage)
             ... in an ice cave.
             The game lasted 00:39:45 (39550 turns).

Zeld the Cruncher (Octopode Gladiator)             Turns: 39550, Time: 00:39:46

Health: -2/101     AC:  3    Str: 14    XL:     14   Next: 7%
Magic:  28/28      EV: 25    Int: 17    God:    Wu Jian [****..]
Gold:   2019       SH:  5    Dex: 17    Spells: 33/33 levels left

rFire    . . .     SeeInvis +   v - +2 quarterstaff (flame)
rCold    + . .     Faith    .   (shield currently unavailable)
rNeg     . . .     Spirit   .   b - +2 hat
rPois    .         Reflect  +   m - amulet of reflection
rElec    .         Harm     .   g - ring of see invisible
rCorr    .         Rampage  .   y - ring of protection from cold
Will     +....                  B - +4 ring of evasion
Stlth    +++.......             r - +6 ring of intelligence
HPRegen  0.26/turn              A - +4 ring of slaying
MPRegen  0.21/turn              (no ring)
                                (no ring)
                                (no ring)

@: no status effects
A: almost no armour, stealthy swim, amphibious, 8 rings, constrict 8, camouflage
1, gelatinous body 1
a: Renounce Religion, Wall Jump, Serpent's Lash


You were in an ice cave.
You worshipped Wu Jian.
Wu Jian was greatly pleased with you.
You visited 4 branches of the dungeon, and saw 17 of its levels.
You also visited: Ice Cave.

You collected 3155 gold pieces.
You spent 1136 gold pieces at shops.

Inventory:

Hand Weapons
 a - a +0 quarterstaff
 q - a +0 vorpal quarterstaff
 v - a +2 quarterstaff of flaming (weapon)
Missiles
 c - 3 throwing nets (quivered)
Armour
 b - a +2 hat (worn)
Jewellery
 g - a ring of see invisible (left tentacle)
 m - an amulet of reflection (around mantle)
 p - an uncursed ring of protection from cold
 r - a +6 ring of intelligence (on tentacle)
 y - a ring of protection from cold (right tentacle)
 A - a +4 ring of slaying (on tentacle)
 B - a +4 ring of evasion (on tentacle)
Wands
 d - a wand of iceblast (3)
 o - a wand of polymorph (6)
 t - a wand of disintegration (8)
 C - a wand of random effects (19)
Scrolls
 e - 4 scrolls of remove curse
 l - a scroll of identify
 s - 4 scrolls of amnesia
 z - 3 scrolls of enchant armour
 F - a scroll of teleportation
Potions
 i - 3 potions of haste
 j - 3 potions of invisibility
 k - 2 potions of brilliance
 n - 2 potions of resistance
 w - a potion of cancellation {unknown}
 x - 3 potions of ambrosia
 D - a potion of magic
 G - 2 potions of flight {unknown}
Miscellaneous
 f - a condenser vane (inert)


   Skills:
 * Level 11.0 Fighting
 - Level 14.0 Staves
 - Level 6.0 Throwing
 * Level 11.2 Dodging
 * Level 10.0 Spellcasting


You had 33 spell levels left.
You didn't know any spells.
Your spell library contained the following spells:

 Spells                   Type           Power        Failure   Level
 Apportation              Tloc           16%          9%          1
 Beastly Appendage        Tmut           16%          9%          1
 Sandblast                Erth           16%          9%          1
 Passwall                 Tmut/Erth      6%           13%         2
 Wereblood                Tmut           8%           13%         2
 Ignite Poison            Fire/Tmut/Pois 8%           26%         3
 Lesser Beckoning         Tloc           4%           26%         3
 Spider Form              Tmut/Pois      4%           26%         3
 Stone Arrow              Conj/Erth      16%          26%         3
 Tukima's Dance           Hex            8%           26%         3
 Ice Form                 Ice/Tmut       8%           63%         4
 Petrify                  Tmut/Erth      8%           63%         4
 Alistair's Intoxication  Tmut/Pois      5%           93%         5
 Blade Hands              Tmut           4%           93%         5
 Fireball                 Conj/Fire      4%           93%         5
 Lee's Rapid Deconstruct  Erth           4%           93%         5
 Metabolic Englaciation   Hex/Ice        4%           93%         5
 Freezing Cloud           Conj/Ice/Air   4%           100%        6
 Invisibility             Hex            8%           100%        6
 Ozocubu's Refrigeration  Ice            4%           100%        6
 Simulacrum               Ice/Necr       4%           100%        6
 Starburst                Conj/Fire      4%           100%        6
 Ignition                 Fire           4%           100%        8


Dungeon Overview and Level Annotations

Branches:
Dungeon (14/15)            Temple (1/1) D:5            Lair (1/6) D:8
    Orc (1/2) D:10          IceCv (1/1)
 Vaults: D:13-14

Altars:
Ashenzari
Cheibriados
Dithmenos
Elyvilon
Fedhas
Gozag
Hepliaklqana
Kikubaaqudgha
Makhleb
Nemelex Xobeh
Okawaru
Qazlal
Ru
Sif Muna
Trog
Uskayaw
Vehumet
Wu Jian
Xom
Yredelemnul
Zin
The Shining One

Shops:
D:5 !   D:9 !*

Annotations:
Lair:1 Sonja


Innate Abilities, Weirdness & Mutations

You cannot wear most types of armour.
You are very stealthy in the water. (Stealth+)
You are amphibious.
You can wear up to eight rings at the same time.
You can use your tentacles to constrict eight enemies at once.
Your skin changes colour to match your surroundings (Stealth+).
Your rubbery body absorbs attacks. (AC +1, EV +1)


Message History

You are engulfed in freezing vapours.
You resist.
You are engulfed in freezing vapours.
You resist.
You are engulfed in freezing vapours.
You resist.
You are engulfed in freezing vapours.
You resist.
You are engulfed in freezing vapours.
You resist.
You are engulfed in freezing vapours.
You resist.
You are engulfed in freezing vapours.
You resist.
* * * LOW HITPOINT WARNING * * *
You are engulfed in freezing vapours.
You resist.
* * * LOW HITPOINT WARNING * * *
Okay, then.
You feel better.
You are engulfed in freezing vapours.
You resist.
* * * LOW HITPOINT WARNING * * *
You feel better.
You are engulfed in freezing vapours.
You resist.
* * * LOW HITPOINT WARNING * * *
You feel better.
You are engulfed in freezing vapours.
You resist.
* * * LOW HITPOINT WARNING * * *
Okay, then.
You are engulfed in freezing vapours.
You resist.
You die...

#### ### #..#
##)##
##..####)#.##
#....##.#.#.#
##.....##.#:##
#...#..#.#.##
##..###§@####
#..##≈##○##
#.##≈≈##○☼#
#.##≈≈≈#○.##
##.#≈≈≈##§○#
##÷#≈≈≈###☼#
#..#≈≈≈≈#○○#
###
#)##≈≈≈≈#.§####
#≈#
#.###≈≈≈#.###≈#
##≈###


There were no monsters in sight!

Vanquished Creatures
  Jorgrun (D:12)
  A frost giant (IceCv)
  3 hydras
  2 two-headed ogres (D:13)
  4 centaur warriors
  The ghost of Tirrikindir the Carver, a novice OpFi of Gozag (D:8)
  An unseen horror (D:12)
  Pikel (D:6)
  An orc knight (D:10)
  A wolf spider zombie (D:14)
  5 ugly things
  A manticore (D:11)
  4 cyclopes
  A guardian serpent (D:13)
  2 cane toads (Lair:1)
  2 rime drakes (IceCv)
  4 komodo dragons
  Maggie (D:6)
  9 trolls
  A tengu conjurer (D:14)
  8 polar bears (IceCv)
  A hornet (D:13)
  A meliai zombie (D:14)
  The ghost of pgiattino the Firebug, an amateur DEFE of Vehumet (D:3)
  A wyvern (D:9)
  38 yaks
  A wraith (D:14)
  4 humans (D:14)
  A vampire (D:12)
  Eustachio (D:5)
  A basilisk (Lair:1)
  A steam dragon (D:11)
  4 vampire mosquitoes (D:14)
  Menkaure (D:4)
  Edmund (D:6)
  3 soldier ants
  3 water moccasins
  8 orc warriors
  A hornet zombie (D:6)
  3 ice beasts
  3 sky beasts
  3 phantoms
  An eye of draining (D:12)
  2 necrophages
  12 wolves (IceCv)
  8 ogres
  12 centaurs
  3 lemures (D:6)
  2 big kobolds
  11 bullfrogs
  2 wyvern zombies (D:6)
  5 scorpions
  10 killer bees
  4 water moccasin skeletons
  14 wights
  A centaur zombie (D:6)
  2 hounds (D:8)
  A quasit (D:10)
  4 bullfrog zombies (D:6)
  3 jellies
  5 bullfrog skeletons
  8 orc priests
  4 centaur skeletons
  A gnoll shaman (D:7)
  3 iguanas
  15 worker ants
  12 orc wizards
  A hound zombie (D:6)
  2 hound skeletons
  2 mummies (D:6)
  A howler monkey zombie (D:6)
  A worker ant zombie (D:6)
  8 gnolls
  A howler monkey skeleton (D:4)
  7 adders
  A shadow imp (D:10)
  3 white imps
  2 ufetubi
  An ooze (D:1)
  5 adder zombies
  An adder skeleton (D:6)
  3 worms
  The ghost of axecop the Sneak, a weakling NaDe (D:6)
  3 dart slugs
  2 leopard geckos
  48 orcs
  3 giant cockroaches
  7 goblins
  2 hobgoblins
  7 jackals
  16 kobolds
  6 quokkas
  4 ball pythons
  10 bats
  2 frilled lizards
  A giant cockroach zombie (D:6)
  A jackal skeleton (D:7)
  A quokka skeleton (D:7)
  A quokka zombie (D:6)
  8 rats
442 creatures vanquished.

Vanquished Creatures (others)
  6 polar bears (IceCv)
  A yak (IceCv)
  2 humans (D:14)
  A fungus (Lair:1)
  19 plants
  7 withered plants (D:6)
36 creatures vanquished.

Grand Total: 478 creatures vanquished

Notes
Turn   | Place    | Note
-------+----------+-------------------------------------------
     0 | D:1      | Zeld the Octopode Gladiator began the quest for the Orb.
     0 | D:1      | Reached XP level 1. HP: 14/14 MP: 1/1
    81 | D:1      | Reached XP level 2. HP: 4/19 MP: 2/2
   847 | D:1      | Reached XP level 3. HP: 20/24 MP: 3/3
  1632 | D:2      | Reached skill level 4 in Staves
  1632 | D:2      | Reached XP level 4. HP: 8/29 MP: 4/4
  2504 | D:3      | Found a runed translucent gate.
  2504 | D:3      | Found a runed translucent gate.
  2504 | D:3      | Found a runed translucent gate.
  3274 | D:3      | Reached XP level 5. HP: 19/34 MP: 5/5
  3482 | D:3      | Found a broken altar of Ashenzari.
  3809 | D:3      | Noticed pgiattino's ghost (amateur DEFE)
  4555 | D:4      | Noticed a phantom
  4583 | D:4      | Killed a phantom
  4584 | D:4      | Reached skill level 5 in Staves
  4584 | D:4      | Reached XP level 6. HP: 19/39 MP: 6/6
  5056 | D:4      | Noticed Menkaure
  5718 | D:4      | Killed Menkaure
  5719 | D:4      | Reached skill level 5 in Throwing
  5719 | D:4      | Reached XP level 7. HP: 21/45 MP: 7/7
  6518 | D:5      | Entered Level 5 of the Dungeon
  6917 | D:5      | Reached skill level 6 in Staves
  7038 | D:5      | Found an iron altar of Okawaru.
  7041 | D:5      | Found a staircase to the Ecumenical Temple.
  7125 | Temple   | Entered the Ecumenical Temple
  7201 | Temple   | Became a worshipper of the Wu Jian Council
  7477 | D:5      | HP: 1/45 [ogre/cursed -1 giant club (18)]
  7989 | D:5      | Noticed Eustachio
  8001 | D:5      | Killed Eustachio
  8002 | D:5      | Reached skill level 7 in Staves
  8053 | D:5      | Reached XP level 8. HP: 20/50 MP: 8/8
  8309 | D:5      | Found Uwoah's Distillery.
  8316 | D:5      | Bought a potion of heal wounds for 60 gold pieces
  8316 | D:5      | Bought a potion of curing for 36 gold pieces
  8316 | D:5      | Bought a potion of curing for 36 gold pieces
  8316 | D:5      | Bought a potion of curing for 36 gold pieces
  8316 | D:5      | Bought a potion of might for 48 gold pieces
  8413 | D:5      | Reached skill level 8 in Staves
  9149 | D:5      | Reached skill level 9 in Staves
 10423 | D:6      | Reached skill level 10 in Staves
 10423 | D:6      | Reached XP level 9. HP: 54/54 MP: 9/9
 10675 | D:6      | Noticed Edmund
 10692 | D:6      | Killed Edmund
 10760 | D:5      | Bought a potion of ambrosia for 96 gold pieces
 11003 | D:6      | Noticed Maggie
 11056 | D:6      | Killed Maggie
 11057 | D:6      | Reached skill level 11 in Staves
 11237 | D:6      | Noticed Pikel
 12007 | D:6      | Reached * piety under Wu Jian
 12038 | D:6      | Killed Pikel
 12039 | D:6      | Reached skill level 12 in Staves
 12625 | D:6      | Reached XP level 10. HP: 41/60 MP: 10/10
 12929 | D:6      | Found a transporter.
 12929 | D:6      | Noticed axecop's ghost (weakling NaDe)
 12935 | D:6      | Found a transporter.
 13257 | D:6      | Killed axecop's ghost
 13459 | D:6      | Reached skill level 13 in Staves
 15501 | D:8      | Found a staircase to the Lair.
 16225 | D:8      | Noticed Tirrikindir's ghost (novice OpFi)
 16229 | D:8      | Found a runed translucent door.
 17334 | D:8      | Reached skill level 14 in Staves
 17458 | D:5      | Bought a potion of ambrosia for 96 gold pieces
 17847 | D:3      | Killed pgiattino's ghost
 17848 | D:3      | Reached skill level 1 in Spellcasting
 17871 | D:3      | HP: 4/91 [poisoned by pgiattino's ghost]
 18556 | D:8      | Reached ** piety under Wu Jian
 19105 | D:9      | You fall into a shaft and drop 2 floors!
 19774 | D:10     | Entered Level 10 of the Dungeon
 19799 | D:10     | Reached XP level 11. HP: 56/68 MP: 14/14
 19991 | D:10     | Reached skill level 5 in Dodging
 20546 | D:9      | Found Xehiupua's Serpentskin Sales.
 20834 | D:9      | Reached *** piety under Wu Jian
 20881 | D:9      | Found a blossoming altar of Fedhas.
 21309 | D:9      | Found Xuckej's Distillery.
 21317 | D:9      | Bought a potion of heal wounds for 65 gold pieces
 21317 | D:9      | Bought a potion of berserk rage for 65 gold pieces
 21317 | D:9      | Bought a potion of magic for 104 gold pieces
 21442 | D:10     | Reached skill level 5 in Fighting
 22418 | D:10     | Found a shimmering altar of Xom.
 22484 | D:10     | Noticed a cyclops
 22799 | D:10     | Found a staircase to the Orcish Mines.
 22880 | D:10     | Killed a cyclops
 23633 | D:11     | Noticed a cyclops
 23945 | D:11     | Noticed a manticore
 23956 | D:11     | Killed a manticore
 23957 | D:11     | Reached skill level 5 in Spellcasting
 24091 | D:11     | Killed a cyclops
 24274 | D:11     | Noticed a cyclops
 24283 | D:11     | Killed a cyclops
 25176 | D:12     | Noticed an unseen horror
 25185 | D:12     | Killed an unseen horror
 25185 | D:12     | Reached **** piety under Wu Jian
 25186 | D:12     | Reached XP level 12. HP: 59/80 MP: 20/20
 25450 | D:12     | Noticed Jorgrun
 25462 | D:12     | Killed Jorgrun
 26875 | D:12     | Found an iron altar of Okawaru.
 27270 | D:13     | Noticed a seven-headed hydra
 27275 | D:13     | Noticed a centaur warrior
 27752 | D:12     | Identified 2 scrolls of acquirement
 27755 | D:12     | Acquired 910 gold pieces
 27759 | D:12     | Acquired 1047 gold pieces
 27896 | D:9      | Bought 2 potions of invisibility for 208 gold pieces
 27896 | D:9      | Bought a potion of ambrosia for 104 gold pieces
 27896 | D:9      | Bought a potion of haste for 130 gold pieces
 27896 | D:9      | Bought a potion of brilliance for 52 gold pieces
 27984 | Orc:1    | Entered Level 1 of the Orcish Mines
 27985 | Orc:1    | Paralysed by an orc sorcerer for 6 turns
 28440 | D:10     | Found a shimmering altar of Xom.
 28738 | D:10     | Found a staircase to the Orcish Mines.
 29020 | D:13     | Killed a centaur warrior
 29228 | D:13     | Noticed a two-headed ogre
 29480 | D:13     | Killed a seven-headed hydra
 30049 | D:13     | Noticed a centaur warrior
 30062 | D:13     | Killed a centaur warrior
 30075 | D:13     | Noticed a centaur warrior
 30078 | D:13     | Killed a centaur warrior
 30079 | D:13     | Reached XP level 13. HP: 90/90 MP: 23/25
 32264 | D:14     | Reached skill level 10 in Dodging
 33411 | D:8      | Killed Tirrikindir's ghost
 33984 | D:14     | Reached skill level 10 in Fighting
 34869 | D:14     | Noticed a vault guard
 34869 | D:14     | Noticed a vault guard
 35112 | D:14     | Noticed a vault guard
 35534 | Lair:1   | Entered Level 1 of the Lair of Beasts
 35802 | Lair:1   | Noticed Sonja
 36022 | Lair:1   | Found a frozen archway.
 36032 | IceCv    | Entered an ice cave
 37798 | IceCv    | Reached ***** piety under Wu Jian
 37823 | IceCv    | Reached XP level 14. HP: 43/99 MP: 27/27
 38402 | IceCv    | Noticed a frost giant
 38983 | IceCv    | Killed a frost giant
 38984 | IceCv    | Reached skill level 10 in Spellcasting
 39550 | IceCv    | Engulfed by a cloud of freezing vapour

Illustrated notes

Levels and vault maps discovered:
D:1:      dpeg_arrival_short_road, layout_loops_ring, minmay_distorted
D:2:      layout_loops_ring
D:3:      layout_basic, gammafunk_ghost_split, minmay_misc_feat_diagonals,
          evilmike_ruin_ashenzari
D:4:      layout_layer_cave, kennysheep_generic_room_14, uniq_menkaure
D:5:      minmay_thick_lines, layout_basic, minmay_temple_entry_offerings,
          serial_shops, shop, minivault_5, lemuel_statue_altar, uniq_eustachio
D:6:      layout_basic, gammafunk_ghost_mausoleum, serial_undead,
          serial_undead_d, serial_undead_c, serial_undead_c, serial_undead_b,
          serial_undead_f, serial_undead_d, serial_undead_e, serial_undead_a,
          serial_undead_f, serial_undead_e, uniq_edmund, uniq_pikel, uniq_maggie
D:7:      layout_basic
D:8:      layout_loops_ring, david_lair_shrubbed,
          hellmonk_ghost_happy_afterlife, minmay_statues_item
D:9:      layout_rooms, old_standard_altar, serial_shops, shop,
          guppyfry_shop_venom
D:10:     layout_basic, david_orc_4, xom_teletrap_fun
D:11:     layout_layer_cave
D:12:     layout_loops_ring, basic_altar, uniq_jorgrun
D:13:     layout_basic, serial_co_window_serial, co_window_paths_a,
          co_window_paths_a, co_window_paths_b, co_window_paths_b,
          co_window_paths_a, co_window_2corner, co_window_2corner,
          co_window_broadway_b, nrook_guardian_serpent_double
D:14:     layout_gridville, ximxim_vaults_locker_room, serial_park_tiny_1
Temple:   regret_index_temple_sigil_plot
Lair:1:   layout_regular_city, portal_ice_cave_entry_pillars_1,
          beast_lair_carwin_8, uniq_sonja
Orc:1:    layout_caves, basic_altar
IceCv:    ice_cave_caverns_03

Skill      XL: |  1  2  3  4  5  6  7  8  9 10 11 12 13 14 |
---------------+-------------------------------------------+-----
Throwing       | 3 4 5 6 |  6.0
Staves         | 4 5 7 10 12 14 | 14.0
Spellcasting   | 2 5 8 9 10 | 10.0
Fighting       | 3 6 9 10 11 | 11.0
Dodging        | 4 7 9 11 | 11.2

Action                   |  1- 3 |  4- 6 |  7- 9 | 10-12 | 13-15 || total
-------------------------+-------+-------+-------+-------+-------++-------
Melee: Quarterstaff      |    55 |    86 |   252 |   793 |   383 ||  1569
       Constrict         |    14 |    15 |    43 |   103 |    40 ||   215
       Tentacles         |    10 |    15 |    68 |   199 |    87 ||   379
       Unarmed           |       |       |    35 |       |       ||    35
Throw: Throwing net      |       |       |       |       |     1 ||     1
Invok: Lunge             |       |       |    14 |    62 |    24 ||   100
       Whirlwind         |       |       |       |    11 |     5 ||    16
       Serpent's Lash    |       |       |       |     3 |       ||     3
 Abil: Wall Jump         |       |       |       |       |     1 ||     1
Evoke: Wand              |       |       |       |    23 |    14 ||    37
       Condenser vane    |       |       |       |       |     1 ||     1
  Use: Potion            |       |     2 |     5 |    11 |     8 ||    26
       Scroll            |       |       |       |    30 |    11 ||    41
 Stab: Sleeping          |    10 |     3 |    12 |    17 |     3 ||    45
       Distracted        |       |       |     2 |     4 |       ||     6
       Invisible         |       |       |       |     2 |       ||     2
Armor: Skin              |     3 |     3 |     5 |    21 |     6 ||    38
Dodge: Dodged            |    54 |    54 |   125 |   352 |   265 ||   850
Block: Other             |       |    19 |    38 |   113 |    67 ||   237
       Reflection        |       |     1 |     1 |    10 |     2 ||    14
